 Seeded DCSS version 0.30-a0-748-ge6a52f7cba (webtiles) character file.

Game seed: 5772684963948250150 (custom seed)

66 hikkokomori the Slasher (level 3, 0/28 HPs)
             Began as a Demonspawn Gladiator on Feb 9, 2023.
             Succumbed to a gnoll's poison
             ... on level 2 of the Dungeon.
             The game lasted 00:02:23 (1042 turns).

hikkokomori the Slasher (Demonspawn Gladiator)      Turns: 1042, Time: 00:02:24

Health: 0/28       AC:  6    Str: 14    XL:     3   Next: 96%
Magic:  3/3        EV: 11    Int:  9    God:
Gold:   49         SH:  0    Dex: 16    Spells: 2/2 levels left

rFire   . . .      SeeInvis .    a - +0 long sword
rCold   . . .      Faith    .    (no shield)
rNeg    . . .      Spirit   .    q - +0 ring mail
rPois   .          Reflect  .    c - +0 helmet
rElec   .          Harm     .    (no cloak)
rCorr   .          Rampage  .    (no gloves)
Will    .....                    (no boots)
Stlth   +                        (no amulet)
HPRegen 0.24/turn                (no ring)
MPRegen 0.08/turn                (no ring)

@: lethally poisoned (0 -> -10)
A: foul stench 1, weakness stinger 1
a: no special abilities


You were on level 2 of the Dungeon.
You visited 1 branch of the dungeon, and saw 2 of its levels.

You collected 49 gold pieces.

Inventory:

Hand Weapons
 a - a +0 long sword (weapon)
Missiles
 d - 3 throwing nets (quivered)
 e - a javelin
Armour
 b - a +0 leather armour
 c - a +0 helmet (worn)
 q - a +0 ring mail (worn)
Jewellery
 l - a ring of ice
Scrolls
 f - a scroll of identify
 g - a scroll of poison {unknown}
 k - a scroll of blinking {unknown}
 m - a scroll of immolation {unknown}
 n - a scroll of fear {unknown}
 o - a scroll of brand weapon {unknown}
Potions
 h - 2 potions of mutation {unknown}
 i - a potion of berserk rage {unknown}
 j - a potion of curing
 p - a potion of flight {unknown}
 r - a potion of brilliance {unknown}


   Skills:
 + Level 2.7 Fighting
 + Level 3.2 Long Blades
 + Level 2.4 Throwing
 + Level 3.2 Dodging


You had 2 spell levels left.
You didn't know any spells.
Your spell library contained the following spells:

 Spells                   Type           Power      Damage    Failure   Level
 Ignite Poison            Fire/Tmut/Pois 0%         N/A       94%         3
 Kindle Blastsparks       Fire/Tloc/Air  0%         2d10      94%         3
 Freezing Cloud           Conj/Ice/Air   0%         6-21      100%        5


Dungeon Overview and Level Annotations

Branches:
Dungeon (2/15)

Altars:

Shops:
D:1 :?((


Innate Abilities, Weirdness & Mutations

You may rarely emit foul miasma when damaged in melee.
You have a small tail.


Message History

You are poisoned.
The jackal closely misses you.
A jackal comes into view.
You completely miss the jackal.
Your tail-slap misses the jackal.
You feel sick.
The jackal bites you but does no damage. x2
The gnoll hits you from afar with a +1 spear of venom.
You are lethally poisoned!
The jackal bites you but does no damage.
The jackal bites you.
You are too injured to fight recklessly!
You are too injured to fight recklessly!
You are too injured to fight recklessly!
You are too injured to fight recklessly!
You are too injured to fight recklessly!
You are too injured to fight recklessly!
You are too injured to fight recklessly!
You are too injured to fight recklessly!
You are too injured to fight recklessly!
You are too injured to fight recklessly!
You are too injured to fight recklessly!
You are too injured to fight recklessly!
You are too injured to fight recklessly!
You are too injured to fight recklessly!
You are too injured to fight recklessly!
You are too injured to fight recklessly!
You are too injured to fight recklessly!
You are too injured to fight recklessly!
You feel very sick.
The gnoll hits you from afar with a +1 spear of venom.
* * * LOW HITPOINT WARNING * * *
The jackal closely misses you. The jackal attacks as you move away!
The jackal bites you but does no damage.
* * * LOW HITPOINT WARNING * * *
You feel very sick.
As you read the scroll labelled ATIUDOCLO, it crumbles to dust.
It is a scroll of identify.
j - a potion of curing You die...

## #..#.# .# #..#.#
....# .# #..#.# ....#
.# #####..#.# .... .#
#......#.# #..### .#
##......#.# .h...# .#
#.........# ##.g...#
.#
...........###gh....#
##
...........#@.h.....#
...........#h##†....#
.........#...# .....#
.....#####...# .....#
.... #.#.# .....# ...
.>#......?.#
...####.....# .####
.....# .. #


You could see 2 gnolls and 4 jackals.

Vanquished Creatures
  Jessica (D:2)
  An adder (D:2)
  2 worms (D:2)
  A dart slug (D:2)
  3 bats (D:2)
  2 giant cockroaches (D:2)
  2 goblins (D:1)
  2 jackals (D:2)
  2 kobolds (D:1)
  A quokka (D:1)
  3 ball pythons
  A frilled lizard (D:1)
  5 rats
26 creatures vanquished.

Notes
Turn   | Place    | Note
-------+----------+-------------------------------------------
     0 | D:1      | hikkokomori the Demonspawn Gladiator began the quest for
                  | the Orb.
     0 | D:1      | Reached XP level 1. HP: 16/16 MP: 1/1
    68 | D:1      | Found Tisut's Weapon Shoppe.
   408 | D:1      | Found Hacah's Antique Weapon Emporium.
   411 | D:1      | Found Huucwiuf's Magic Scroll Shoppe.
   435 | D:1      | Found Bangeh's Book Boutique.
   450 | D:1      | Gained mutation: You may rarely emit foul miasma when
                  | damaged in melee. [demonic ancestry]
   450 | D:1      | Reached XP level 2. HP: 21/22 MP: 2/2
   911 | D:2      | Discovered your monstrous ancestry.
   911 | D:2      | Gained mutation: You have a small tail. [demonic ancestry]
   911 | D:2      | Reached XP level 3. HP: 26/28 MP: 3/3
   968 | D:2      | Noticed Jessica
   975 | D:2      | Killed Jessica
  1042 | D:2      | Succumbed to a gnoll's poison

Illustrated notes

Levels and vault maps discovered:
D:1:      sevenhm_arrival_forest_fort_small_3, layout_basic, serial_shops, shop,
          nicolae_shop_trees, shop, shop, corner_web_ring,
          chequers_serial_rivers_micro_b, serial_bayou_pond_e
D:2:      layout_basic, chequers_ecumenical_altar_simple, minmay_joined_circles,
          uniq_jessica

Skill      XL: |  1  2 |
---------------+-------+-----
Throwing       | 2 |  2.4
Long Blades    | 3 |  3.2
Dodging        | 3 |  3.2
Fighting       | |  2.7

Action                     || total
---------------------------++-------
  Melee: Long sword        ||    68
         Tailslap          ||     1
    Use: Scroll            ||     1
 Armour: Leather armour    ||     7
         Ring mail         ||    27
  Dodge: Dodged            ||    47

Table legend: (Time is in decaauts)
 A = Elapsed time spent in this place.
 B = Non-inter-level travel time spent in this place.
 C = Inter-level travel time spent in this place.
 D = Time resting spent in this place.
 E = Time spent auto-exploring this place.
 F = Levels seen in this place.
 G = Mean time per level.
                   A        B        C        D        E       F      G
               +--------+--------+--------+--------+--------+-----+--------+
         Total |   1062 |    943 |    119 |      0 |    754 |   2 |  531.0 |
       Dungeon |   1062 |    943 |    119 |      0 |    754 |   2 |  531.0 |
               +--------+--------+--------+--------+--------+-----+--------+

Top non-repeatable levels by time:
     D:1: 836 daAuts
     D:2: 226 daAuts
